 Dungeon Crawl Stone Soup version 0.20-a0-1122-gb7cbeb9 (webtiles) character file.

172 uglyjohn the Cudgeler (level 5, -2/32 HPs)
             Began as a Gargoyle Berserker on May 12, 2017.
             Was a Believer of Trog.
             Slain by Sigmund
             ... wielding a cursed -1 scythe
              (12 damage)
             ... on level 3 of the Dungeon.
             The game lasted 00:05:29 (2145 turns).

uglyjohn the Cudgeler (Gargoyle Berserker)          Turns: 2145, Time: 00:05:31

Health: -2/32      AC:  7    Str: 21    XL:     5   Next: 53%
Magic:  5/5        EV: 12    Int:  8    God:    Trog [**....]
Gold:   125        SH:  0    Dex:  9    Spells: 4/4 levels left

rFire    . . .     SeeInvis .   a - +0 mace
rCold    . . .     Gourm    .   (no shield)
rNeg     + . .     Faith    .   b - +0 animal skin
rPois    ∞         Spirit   .   n - +0 helmet
rElec    +         Reflect  .   (no cloak)
rCorr    .         Harm     .   (no gloves)
MR       ++...                  (no boots)
Stlth    +.........             (no amulet)
Regen    1.1/turn               (no ring)
MPRegen  0.1/turn               (no ring)

@: regenerating
A: negative energy resistance 1, electricity resistance, unbreathing,
petrification resistance, rot immunity, AC +4
a: Berserk, Trog's Hand, Burn Spellbooks, Renounce Religion


You were on level 3 of the Dungeon.
You worshipped Trog.
Trog was pleased with you.
You were not hungry.

You visited 1 branch of the dungeon, and saw 3 of its levels.

You collected 125 gold pieces.

Inventory:

Hand Weapons
 a - a +0 mace (weapon)
Armour
 b - a +0 animal skin (worn)
 n - a +0 helmet (worn)
Scrolls
 d - a scroll of recharging {unknown}
 f - 2 scrolls of identify {unknown}
 o - a scroll of remove curse {unknown}
Potions
 e - a potion of magic {unknown}
 h - a potion of brilliance {unknown}
 j - a potion of curing {unknown}
 k - a potion of agility {unknown}
 l - a potion of heal wounds {unknown}
 m - a potion of lignification {unknown}
Comestibles
 c - 2 bread rations
 g - a meat ration
 i - 5 chunks of flesh


   Skills:
 - Level 3.2 Fighting
 + Level 6.0 Maces & Flails
 - Level 2.1 Armour
 - Level 1.5 Dodging


You had 4 spell levels left.
You didn't know any spells.

Dungeon Overview and Level Annotations

Branches:
Dungeon (3/15)

Altars:
Nemelex Xobeh
Okawaru

Annotations:
D:3 Sigmund


Innate Abilities, Weirdness & Mutations

You are resistant to torment.
Your stone body is resilient. (AC +4)
You are immune to poison.
You resist negative energy. (rN+)
You are resistant to electric shocks. (rElec)
You can survive without breathing.
You are immune to petrification.
You are immune to rotting.


Message History

You hit something but do no damage. Something hits you but does no damage.
You barely miss something.
Unknown command.
Unknown command.
You closely miss something.
You hear some strange, mumbled words.
Something tries to affect you, but you resist.
Something hits you.
Your skin crawls.
You feel resistant to hostile enchantments.
You feel somewhat more hungry.
Some of the chunks of flesh in your inventory have rotted away.
You hit something but do no damage. Something hits you but does no damage.
You hit something. Something barely misses you.
You closely miss something. You miss something. Something hits you!
You hit something. Something hits you.
* * * LOW HITPOINT WARNING * * *
You miss something. Something hits you!
You die...

#.. +.......#
#.####.......#....#
#....#.......#....#
#....#....<..#....#
#....#.......#....###
#....#............'.
#.)..#.......#....###..
#.)..'.......#..{......
##...#......###@..###.##
#...#........)........#
###...#.#########'#[..#.#
)..)..........###.#...#
#######.#.###.....#...#
#.###########...#
#......... '...#
########## #...# #...#


There were no monsters in sight!

Vanquished Creatures
  A centaur zombie (D:3)
  An orc wizard (D:3)
  A gnoll (D:2)
  An adder (D:2)
  2 oozes
  2 worms
  2 dart slugs
  2 leopard geckos
  13 orcs
  6 bats
  A giant cockroach (D:2)
  6 goblins
  6 hobgoblins
  7 kobolds
  2 quokkas
  A frilled lizard (D:1)
  2 rats (D:1)
56 creatures vanquished.

Notes
Turn   | Place    | Note
-------+----------+-------------------------------------------
     0 | D:1      | uglyjohn the Gargoyle Berserker began the quest for the Orb.
     0 | D:1      | Reached XP level 1. HP: 14/14 MP: 1/1
   126 | D:1      | Reached XP level 2. HP: 19/19 MP: 2/2
   268 | D:1      | Reached skill level 4 in Maces & Flails
   820 | D:1      | Reached XP level 3. HP: 23/23 MP: 3/3
   994 | D:2      | Found a sparkling altar of Nemelex Xobeh.
  1008 | D:2      | Reached ** piety under Trog
  1310 | D:2      | Reached XP level 4. HP: 28/28 MP: 4/4
  1505 | D:2      | Found an iron altar of Okawaru.
  1513 | D:2      | Reached skill level 5 in Maces & Flails
  1911 | D:3      | Reached XP level 5. HP: 18/32 MP: 5/5
  2104 | D:3      | Reached skill level 6 in Maces & Flails
  2121 | D:3      | Noticed Sigmund
  2145 | D:3      | Slain by Sigmund

Vault maps used:
D:1:      eino_arrival_tree_alley, minmay_misc_feat_pillars, st_stairs_14
D:2:      nemelex_xobeh_ov_fountains_minmay, okawaru_altar_gauntlet_db,
          first_bread
D:3:      nrook_loot_triangle, uniq_sigmund

Skill      XL: |  1  2  3  4  5 |
---------------+----------------+-----
Maces & Flails | 4 5 6 |  6.0
Fighting       | |  3.2
Armour         | |  2.1
Dodging        | |  1.5

Action                   |  1- 3 |  4- 6 || total
-------------------------+-------+-------++-------
Melee: Mace              |    89 |   126 ||   215
Invok: Trog's Hand       |       |     3 ||     3
  Eat: Chunk             |     1 |     4 ||     5
Armor: Animal skin       |    33 |    48 ||    81
Dodge: Dodged            |    73 |    94 ||   167
